Description

dark 8 min roach ravager maxout with +1/+1.

Replay - Newkirk Precinct TE (Void) (6)

Build Order

Get SALT Encoding   

  17  0:50  Extractor  
  17  0:54  Spawning Pool  
  18  1:18  Hatchery  
  18  1:40  Queen  
  20  1:55  Metabolic Boost  
  21  1:50  Zergling  
  22  1:54  Overlord  
  22  2:20  Zergling x2  
  22  2:21  Queen  
  31  2:42  Overlord  
  29  2:44  Queen  
  32  2:57  Pneumatized Carapace  
  36  3:28  Hatchery  
  42  3:48  Lair  
  44  3:50  Roach Warren  
  44  4:00  Extractor x3  
  51  4:50  Glial Reconstitution  
  54  5:12  Roach x8  
  74  4:55  Evolution Chamber x2  
  82  5:20  Zerg Missile Weapons Level 1, Zerg Ground Armor Level 1  
Spawning Tool Build Advisor. Get it on Overwolf

Go to:

Details

  • Created by: Eastone
  • Published on: Jan 19, 2017
  • Modified on: Aug 13, 2020
  • Patch: 3.8.0
  • Difficulty: Easy
Show
View Real Time Build Order
Export as new Build Order

Comments (0)

There are no comments. Be the first!

Create an account to comment!